 Dungeon Crawl Stone Soup version 0.26-a0-519-gb2f46efeda (webtiles) character file.

Game seed: 18423241596362123388

57 KristoblXynda the Ducker (level 3, 0/28 HPs)
             Began as a Spriggan Berserker on Aug 11, 2020.
             Was a Believer of Trog.
             Slain by a ball python (1 damage)
             ... on level 3 of the Dungeon.
             The game lasted 00:02:29 (2631 turns).

KristoblXynda the Ducker (Spriggan Berserker)       Turns: 2631, Time: 00:02:29

Health: 0/28       AC:  3    Str: 13    XL:     3   Next: 73%
Magic:  4/4        EV: 17    Int:  9    God:    Trog [**....]
Gold:   154        SH:  0    Dex: 15    Spells: 2/2 levels left

rFire    . . .     SeeInvis +   a - +0 short sword
rCold    . . .     Faith    .   (shield restricted)
rNeg     . . .     Spirit   .   b - +1 animal skin
rPois    .         Reflect  .   (helmet restricted)
rElec    .         Harm     .   (no cloak)
rCorr    .                      (gloves unavailable)
MR       .....                  (boots unavailable)
Stlth    ..........             (no amulet)
HPRegen  0.09/turn              l - ring of flight
MPRegen  0.09/turn              (no ring)

@: berserking, constricted, very quick
A: very small, unfitting armour, see invisible, speed 3
a: Berserk, Trog's Hand, Renounce Religion, Evoke Flight


You were on level 3 of the Dungeon.
You worshipped Trog.
Trog was pleased with you.
You visited 1 branch of the dungeon, and saw 3 of its levels.

You collected 154 gold pieces.

Inventory:

Hand Weapons
 a - a +0 short sword (weapon)
Armour
 b - a +1 animal skin (worn)
Jewellery
 l - a ring of flight (left hand)
Scrolls
 c - a scroll of identify {unknown}
 e - a scroll of remove curse
 i - a scroll of enchant armour
 j - a scroll of teleportation {unknown}
 m - a scroll of enchant weapon {unknown}
Potions
 d - 2 potions of heal wounds {unknown}
 f - a potion of brilliance {unknown}
 g - a potion of flight {unknown}
 h - a potion of invisibility {unknown}


   Skills:
 + Level 2.9 Fighting
 + Level 3.8 Short Blades
 + Level 5.1 Dodging
 + Level 2.4 Stealth


You had 2 spell levels left.
You didn't know any spells.
Your spell library was empty.

Dungeon Overview and Level Annotations

Branches:
Dungeon (3/15)

Altars:
Elyvilon
Fedhas
Trog

Annotations:
D:3 Sigmund


Innate Abilities, Weirdness & Mutations

You are very small and have problems with some larger weapons.
You are too small for most types of armour.
You have supernaturally acute eyesight. (SInv)
You cover ground extremely quickly.


Message History

The ball python constricts you. Sigmund closely misses you.
You puncture Sigmund!
Sigmund is heavily wounded.
The ball python misses you.
* * * LOW HITPOINT WARNING * * *
The ball python constricts you.
You closely miss the ball python.
The ball python is moderately wounded.
The ball python closely misses you. The ball python constricts you.
You hit Sigmund.
Sigmund is heavily wounded.
Sigmund hits you with a +0 scythe.
* * * LOW HITPOINT WARNING * * *
You barely miss Sigmund.
Sigmund is heavily wounded.
The ball python misses you. The ball python constricts you.
You hit Sigmund.
Sigmund is severely wounded.
The ball python closely misses you.
You die...

##.## # #...# .. ._. ...
... # .... #.##.# .....
#... # ......####.####.#
.....r@@S!†.....#
###.#o####.#.###########
# #.#.# #......
#.#.#####......
#.#....[#......
#.#.....#.=....
..#.....#......
###.....#......
#.....)†.....


You could see Sigmund, an orc, a ball python and a rat.

Vanquished Creatures
  A worm (D:2)
  A dart slug (D:2)
  4 leopard geckos
  An orc (D:3)
  A giant cockroach (D:1)
  5 goblins
  12 hobgoblins
  A quokka (D:2)
  2 ball pythons
  A bat (D:1)
  5 frilled lizards
  6 kobolds
  5 rats
45 creatures vanquished.

Notes
Turn   | Place    | Note
-------+----------+-------------------------------------------
     0 | D:1      | KristoblXynda the Spriggan Berserker began the quest for
                  | the Orb.
     0 | D:1      | Reached XP level 1. HP: 11/11 MP: 2/2
   136 | D:1      | Reached skill level 1 in Stealth
   140 | D:1      | Reached XP level 2. HP: 15/16 MP: 3/3
  1492 | D:2      | Found a white marble altar of Elyvilon.
  1495 | D:2      | Reached XP level 3. HP: 19/19 MP: 4/4
  1598 | D:2      | Reached ** piety under Trog
  1721 | D:2      | Reached skill level 5 in Dodging
  1880 | D:2      | Found a blossoming altar of Fedhas.
  2614 | D:3      | Found a bloodstained altar of Trog.
  2616 | D:3      | Noticed Sigmund
  2629 | D:3      | HP: 1/28 [Sigmund/+0 scythe (3)]
  2631 | D:3      | Slain by a ball python

Illustrated notes

Levels and vault maps discovered:
D:1:      ncdulo_wetmaze, layout_basic
D:2:      layout_loops_cross, overflow_temple_1_default, elyvilon_altar_5,
          kennysheep_generic_room_8
D:3:      layout_basic, nicolae_overflow_crystal_walls, uniq_sigmund

Skill      XL: |  1  2  3 |
---------------+----------+-----
Stealth        | 1 2 |  2.4
Dodging        | 5 |  5.1
Fighting       | |  2.9
Short Blades   | |  3.8

Action                   || total
-------------------------++-------
Melee: Short sword       ||   149
Invok: Berserk           ||     2
  Use: Scroll            ||     2
 Stab: Sleeping          ||     8
Armor: Animal skin       ||     8
Dodge: Dodged            ||   107

Table legend: (Time is in decaauts)
 A = Elapsed time spent in this place.
 B = Non-inter-level travel time spent in this place.
 C = Inter-level travel time spent in this place.
 D = Time resting spent in this place.
 E = Time spent auto-exploring this place.
 F = Levels seen in this place.
 G = Mean time per level.
                   A        B        C        D        E       F      G
               +--------+--------+--------+--------+--------+-----+--------+
         Total |   2041 |   2035 |      6 |    295 |   1451 |   3 |  680.3 |
       Dungeon |   2041 |   2035 |      6 |    295 |   1451 |   3 |  680.3 |
               +--------+--------+--------+--------+--------+-----+--------+

Top non-repeatable levels by time:
     D:1: 941 daAuts
     D:2: 658 daAuts
     D:3: 441 daAuts
